 Dungeon Crawl Stone Soup version 0.20-a0-1089-g3fde505 (webtiles) character file.

70 Kidiri the Magician (level 4, -7/34 (36) HPs)
             Began as a Deep Elf Fire Elementalist on May 2, 2017.
             Engulfed by a cloud of foul pestilence (10 damage)
             ... on level 2 of the Dungeon.
             The game lasted 00:07:19 (2162 turns).

Kidiri the Magician (Deep Elf Fire Elementalist)    Turns: 2162, Time: 00:07:19

HP:   -7/34 (36)    AC: 22    Str:  5    XL:     4   Next: 4%
MP:   12/12         EV:  2    Int: 21    God:
Gold: 93            SH:  0    Dex: 15    Spells: 3/12 levels left

rFire    . . .     SeeInvis .   g - +1 dagger
rCold    . . .     Gourm    .   (no shield)
rNeg     + + +     Faith    .   (armour currently unavailable)
rPois    +         Spirit   .   (helmet currently unavailable)
rElec    .         Reflect  .   (cloak currently unavailable)
rCorr    .         Harm     .   (gloves currently unavailable)
MR       .....     NoTele   +   (boots currently unavailable)
Stlth    ++........             (no amulet)
Regen    0.0/turn               (no ring)
MPRegen  0.2/turn               (no ring)

@: lethally poisoned (-7 -> -78), tree-form, non-regenerating, diseased,
wreathed by umbra
A: no striking features
a: no special abilities


You were on level 2 of the Dungeon.
You were not hungry.
You were a tree.
You visited 1 branch of the dungeon, and saw 2 of its levels.

You collected 93 gold pieces.

Inventory:

Hand Weapons
 g - a +1 dagger (weapon)
Armour
 a - a +0 robe
 j - a cursed -2 leather armour (melded)
 m - a cursed +0 shield
 o - a +1 helmet (melded)
Magical Staves
 p - an uncursed staff of air
Scrolls
 d - 3 scrolls of teleportation
Potions
 e - 2 potions of agility
 f - 2 potions of resistance
 k - a potion of curing {unknown}
Books
 b - a book of Flames

   Spells                             Type                      Level
   a - Flame Tongue                   Conjuration/Fire             1
   b - Throw Flame                    Conjuration/Fire             2
   c - Conjure Flame                  Conjuration/Fire             3
   d - Inner Flame                    Hexes/Fire                   3
   e - Sticky Flame                   Conjuration/Fire             4
   f - Fireball                       Conjuration/Fire             5
Comestibles
 c - a bread ration
 h - 4 fruits
 l - a chunk of flesh
 n - a meat ration


   Skills:
 - Level 2.4 Dodging
 - Level 2.4 Stealth
 * Level 4.5 Spellcasting
 + Level 2.1 Conjurations
 + Level 4.1 Fire Magic


You had 3 spell levels left.
You knew the following spells:

 Your Spells              Type           Power        Failure   Level  Hunger
a - Flame Tongue          Conj/Fire      ###..        3%          1    None
b - Throw Flame           Conj/Fire      ###...       4%          2    #......
c - Conjure Flame         Conj/Fire      ###.....     10%         3    ##.....
d - Inner Flame           Hex/Fire       ##......     14%         3    ##.....


Dungeon Overview and Level Annotations

Branches:
Dungeon (2/15)

Altars:
Hepliaklqana
Trog
Yredelemnul
The Shining One


Message History

Press: ? - help, v - describe, . - travel, g - get item A potion of agility.
The floor.
This square is wreathed by an umbra.
Really walk into a travel-excluded area?
You are engulfed in dark miasma.
You are poisoned.
You feel your flesh rotting away!
You feel ill.
You feel sick.
You see here a potion of agility.
e - 2 potions of agility (gained 1)
You are engulfed in dark miasma.
You are more poisoned.
* * * LOW HITPOINT WARNING * * *
x2 You feel sick.
It was a potion of lignification.
You turn into a tree.
Your +1 helmet melds into your body.
Your cursed -2 leather armour melds into your body.
Your roots penetrate the ground.
You are engulfed in dark miasma.
You are more poisoned.
You die...

###...######.........####.#
#...#......#...##..........
#.#...####........[........
#.##.## ###...#####.####.#
####.## ##### #.####.#
#########...##########
#.......
##§.§.§.#...#.§.§.§###
########
A#._....'...'...._.#A#
##§.§.§.#...#.§.♣.§###
#########...##########
#######.##### #####
#.#.........###.#.#
##.###...##.......# #.#
##>###.####..## #.# #.# #)#
#...# #.# #.# #.# #.#.##
###.# #.# #.# #....########


You could see a profane servitor.

Vanquished Creatures
  2 adders (D:2)
  An ooze (D:2)
  3 worms (D:2)
  2 dart slugs (D:2)
  2 leopard geckos
  2 bats
  A giant cockroach (D:2)
  5 hobgoblins
  3 kobolds
  7 frilled lizards
  3 goblins
  6 rats
37 creatures vanquished.

Notes
Turn   | Place    | Note
-------+----------+-------------------------------------------
     0 | D:1      | Kidiri the Deep Elf Fire Elementalist began the quest for the Orb.
     0 | D:1      | Reached XP level 1. HP: 10/10 MP: 6/6
   293 | D:1      | Reached XP level 2. HP: 15/15 MP: 6/8
   414 | D:1      | Learned a level 2 spell: Throw Flame
  1031 | D:2      | Reached XP level 3. HP: 11/19 MP: 7/10
  1036 | D:2      | Learned a level 3 spell: Conjure Flame
  1040 | D:2      | Learned a level 3 spell: Inner Flame
  1343 | D:2      | Found a hazy altar of Hepliaklqana.
  1830 | D:2      | Found a bloodstained altar of Trog.
  1914 | D:2      | Found a glowing golden altar of the Shining One.
  1916 | D:2      | Noticed an angel
  1944 | D:2      | Reached XP level 4. HP: 24/24 MP: 7/12
  2027 | D:2      | Found a basalt altar of Yredelemnul.
  2156 | D:2      | Noticed a profane servitor
  2162 | D:2      | Engulfed by a cloud of foul pestilence

Vault maps used:
D:1:      minmay_arrival_diagonal_passages, serial_glass, glass_columns_c,
          glass_columns_b, item_on_display_a, feat_on_display, feat_on_display,
          minmay_hedge_maze
D:2:      grunt_temple_overflow_holy_war, lightli_temple_of_fire,
          lemuel_tele_altar

Skill      XL: |  1  2  3 |
---------------+----------+-----
Spellcasting   | 4 |  4.5
Fire Magic     | 4 |  4.1
Conjurations   | 2 |  2.1
Dodging        | |  2.4
Stealth        | |  2.4

Action                   |  1- 3 |  4- 6 || total
-------------------------+-------+-------++-------
Melee: Dagger            |    13 |     4 ||    17
 Cast: Flame Tongue      |    68 |     2 ||    70
       Throw Flame       |     3 |       ||     3
  Use: Scroll            |     6 |     1 ||     7
       Potion            |       |     1 ||     1
 Stab: Sleeping          |     2 |       ||     2
  Eat: Chunk             |     3 |     1 ||     4
Armor: Leather armour    |     4 |       ||     4
Dodge: Dodged            |    21 |     3 ||    24
